 Dungeon Crawl Stone Soup version 0.29.1 (webtiles) character file.

Game seed: 9112777096261737304

2198 qw the Cleaver (level 9, 0/56 HPs)
             Began as a Gargoyle Fighter on Sept 13, 2022.
             Was a Believer of Okawaru.
             Slain by Maggie
             ... wielding a +2 morningstar of flaming
              (7 damage)
             ... on level 7 of the Dungeon.
             The game lasted 00:02:22 (8184 turns).

qw the Cleaver (Gargoyle Fighter)                   Turns: 8184, Time: 00:02:22

Health: 0/56       AC: 22    Str: 24    XL:     9   Next: 34%
Magic:  10/12      EV: 11    Int:  9    God:    Okawaru [**....]
Gold:   405        SH:  6    Dex:  9    Spells: 8/8 levels left

rFire   + . .      SeeInvis .   Y - +0 war axe
rCold   . . .      Faith    .   c - +0 buckler
rNeg    + . .      Spirit   .   b - +0 scale mail
rPois   inf        Reflect  .   q - +1 helmet
rElec   +          Harm     .   (no cloak)
rCorr   .          Rampage  .   (no gloves)
Will    .....                   o - +0 pair of boots
Stlth   +.........              (no amulet)
HPRegen 0.18/turn               j - +4 ring of protection
MPRegen 0.13/turn               g - ring of protection from fire

@: about to teleport, heroic, mesmerised
A: sickness immunity, AC +6, negative energy resistance 1, electricity
resistance, torment resistance 1, petrification resistance
a: Renounce Religion, Heroism


You were on level 7 of the Dungeon.
You worshipped Okawaru.
Okawaru was pleased with you.
You visited 1 branch of the dungeon, and saw 7 of its levels.

You collected 405 gold pieces.


Innate Abilities, Weirdness & Mutations

You are immune to sickness and miasma.
Your stone body is resilient. (AC +6)
You are immune to poison.
You resist negative energy. (rN+)
You are resistant to electric shocks. (rElec)
You are resistant to unholy torment.
You are immune to petrification.


   Skills:
 + Level 6.4(11.4) Fighting
 - Level 9.1(14.1) Axes
 - Level 1.0(6.0) Throwing
 - Level 3.2(8.2) Armour
 - Level 1.0(6.0) Dodging
 - Level 4.3(9.3) Shields
 - Level 4.0 Invocations


You had 8 spell levels left.
You didn't know any spells.
Your spell library was empty.

Inventory:

Hand Weapons
 k - a +1 morningstar of flaming
 Y - a +0 war axe (weapon)
Missiles
 p - a boomerang (quivered)
Armour
 b - a +0 scale mail (worn)
 c - a +0 buckler (worn)
 o - a +0 pair of boots (worn)
 q - a +1 helmet (worn)
Jewellery
 g - a ring of protection from fire (right hand)
 j - a +4 ring of protection (left hand)
Scrolls
 a - 5 scrolls of identify
 i - a scroll of teleportation
Potions
 d - a potion of might
 e - a potion of haste
 f - a potion of lignification
 h - 5 potions of curing
 l - 3 potions of attraction

Dungeon Overview and Level Annotations

Branches:
Dungeon (7/15)             Temple (0/1) D:7

Altars:
Ashenzari
Okawaru
Wu Jian
The Shining One

Annotations:
D:7 Maggie


Message History

You slash Maggie!
Maggie is heavily wounded.
Maggie closely misses you.
You barely miss Maggie.
Maggie is heavily wounded.
Maggie gestures at you while chanting. The bolt of fire hits you! You resist.
8176 ||| INVOKING Heroism.
You gain the combat prowess of a mighty hero.
Maggie gestures at you while chanting. The bolt of fire hits you. You resist.
You completely miss Maggie.
Maggie is heavily wounded.
Maggie hits you with a +2 morningstar of flaming.
You slash Maggie!
Maggie is severely wounded.
Maggie gestures at you while chanting. The bolt of fire hits you. You resist.
You closely miss Maggie.
Maggie is severely wounded.
Maggie barely misses you.
You slash Maggie!
Maggie is almost dead.
You barely miss Maggie.
Maggie is almost dead.
Maggie mumbles some strange words.
Maggie draws you further into her thrall.
You hit Maggie but do no damage.
Maggie is almost dead.
Maggie hits you with a +2 morningstar of flaming!
Maggie burns you.
You barely miss Maggie.
Maggie is almost dead.
Maggie hits you with a +2 morningstar of flaming!
Maggie burns you.
8184 ||| READING 2 scrolls of teleportation.
As you read the scroll of teleportation, it crumbles to dust.
You feel strangely unstable.
Maggie hits you with a +2 morningstar of flaming!
You die...

#...##.##
##...#.(.#
..>.......
....... ......
#...# #@..# #@..#
#...# #...# #...#
#...######
##........
#.).......
#.######..#######
######.#
../......#


You could see Maggie (mesmerising).

Vanquished Creatures
  Sigmund (D:3)
  Duvessa (D:5)
  A sky beast (D:6)
  An ice beast (D:7)
  3 black bears
  2 centaurs (D:6)
  2 kobold brigands (D:6)
  A bullfrog (D:6)
  A scorpion (D:5)
  9 wights
  Dowan (D:5)
  A howler monkey (D:5)
  A hound (D:5)
  2 jellies (D:5)
  4 iguanas
  An orc wizard (D:4)
  Robin (D:3)
  6 adders
  11 gnolls
  A shadow imp (D:6)
  2 white imps
  An ufetubus (D:5)
  2 worms
  A dart slug (D:1)
  15 orcs
  10 ball pythons
  5 bats
  5 endoplasms
  2 giant cockroaches (D:2)
  11 goblins
  8 hobgoblins
  3 jackals (D:2)
  15 kobolds
  2 quokkas
  5 frilled lizards
  4 rats (D:1)
142 creatures vanquished.

Notes
Turn   | Place    | Note
-------+----------+-------------------------------------------
     0 | D:1      | qw the Gargoyle Fighter began the quest for the Orb.
     0 | D:1      | Reached XP level 1. HP: 14/14 MP: 1/1
     0 | D:1      | 0 ||| qw: Version: 0.1-a-119-g272c26d
     0 | D:1      | 0 ||| qw: Game counter: 11126
     0 | D:1      | 0 ||| qw: Always use a shield: true
     0 | D:1      | 0 ||| qw: God list: Okawaru
     0 | D:1      | 0 ||| qw: Allow faded altars: false
     0 | D:1      | 0 ||| qw: Do Orc after D:15 true
     0 | D:1      | 0 ||| qw: Do second Lair branch before Depths: true
     0 | D:1      | 0 ||| qw: Lair rune preference: random
     0 | D:1      | 0 ||| qw: Plans: Normal, Zot, God:TSO, Crypt, Tomb, Pan,
                  | Slime, Hells, Zig, Abyss, Orb
     0 | D:1      | 0 ||| PLANNING D:1-11
   303 | D:1      | Reached skill level 2 in Axes
   382 | D:1      | Found a faded altar of an unknown god.
   508 | D:1      | Reached XP level 2. HP: 19/19 MP: 2/2
   642 | D:1      | 642 ||| DROPPING +0 club.
  1118 | D:1      | 1118 ||| READING 3 scrolls labelled KIBRAU HIBYTIMM.
  1119 | D:1      | 1119 ||| READING scroll labelled CAOM KIHI NEG.
  1123 | D:1      | 1123 ||| READING 2 scrolls of identify.
  1123 | D:1      | 1123 ||| IDENTIFYING fizzy brown potion
  1139 | D:2      | 1139 ||| STAIRDANCE
  1230 | D:2      | 1230 ||| STAIRDANCE
  1238 | D:2      | Reached skill level 3 in Axes
  1238 | D:2      | 1238 ||| STAIRDANCE
  1244 | D:1      | Reached XP level 3. HP: 17/23 MP: 3/3
  1478 | D:2      | Reached skill level 1 in Throwing
  1678 | D:2      | 1678 ||| Stepping ~*~*~tactically~*~*~ (stealth).
  1680 | D:2      | 1680 ||| Stepping ~*~*~tactically~*~*~ (stealth).
  1716 | D:2      | 1716 ||| FLEEEEING.
  1717 | D:2      | 1717 ||| FLEEEEING.
  1719 | D:2      | 1719 ||| FLEEEEING.
  1720 | D:2      | 1720 ||| FLEEEEING.
  1721 | D:2      | 1721 ||| FLEEEEING.
  1722 | D:2      | 1722 ||| FLEEEEING.
  1723 | D:2      | 1723 ||| FLEEEEING.
  1724 | D:2      | 1724 ||| FLEEEEING.
  1725 | D:2      | 1725 ||| FLEEEEING.
  1727 | D:2      | 1727 ||| FLEEEEING.
  1729 | D:2      | 1729 ||| FLEEEEING.
  1730 | D:2      | 1730 ||| FLEEEEING.
  1731 | D:2      | 1731 ||| FLEEEEING.
  1732 | D:2      | 1732 ||| FLEEEEING.
  1733 | D:2      | 1733 ||| FLEEEEING.
  1734 | D:2      | 1734 ||| FLEEEEING.
  1735 | D:2      | 1735 ||| FLEEEEING.
  1736 | D:2      | 1736 ||| FLEEEEING.
  1737 | D:2      | 1737 ||| FLEEEEING.
  1740 | D:2      | 1740 ||| FLEEEEING.
  1741 | D:2      | 1741 ||| FLEEEEING.
  1742 | D:2      | 1742 ||| FLEEEEING.
  1743 | D:2      | 1743 ||| FLEEEEING.
  1744 | D:2      | 1744 ||| FLEEEEING.
  1746 | D:2      | 1746 ||| FLEEEEING.
  1909 | D:2      | 1909 ||| DROPPING ring of wizardry.
  1910 | D:2      | 1910 ||| DRINKING 2 dark potions.
  1940 | D:2      | 1940 ||| READING 2 scrolls of identify.
  1940 | D:2      | 1940 ||| IDENTIFYING coppery potion
  1941 | D:2      | 1941 ||| DROPPING potion of degeneration.
  2126 | D:3      | 2126 ||| Stepping ~*~*~tactically~*~*~ (stealth).
  2196 | D:3      | Reached XP level 4. HP: 22/28 MP: 4/4
  2447 | D:3      | Reached skill level 4 in Axes
  2519 | D:3      | Reached XP level 5. HP: 21/32 MP: 5/5
  2734 | D:3      | Noticed Sigmund
  2735 | D:3      | 2735 ||| Stepping ~*~*~tactically~*~*~ (hiding).
  2738 | D:3      | 2738 ||| Stepping ~*~*~tactically~*~*~ (hiding).
  2749 | D:3      | Killed Sigmund
  2750 | D:3      | Reached skill level 5 in Axes
  2750 | D:3      | Reached XP level 6. HP: 17/37 MP: 6/6
  2962 | D:3      | Found an iron altar of Okawaru.
  2962 | D:3      | Found a glowing golden altar of the Shining One.
  3058 | D:3      | Noticed Robin
  3079 | D:3      | Killed Robin
  3286 | D:3      | 3286 ||| DROPPING +0 whip.
  3799 | D:3      | 3799 ||| UPGRADING to +0 pair of boots.
  3804 | D:3      | 3804 ||| UPGRADING to +1 helmet.
  3809 | D:3      | 3809 ||| READING 2 scrolls labelled QIGAN FUUTU.
  3810 | D:3      | 3810 ||| READING 2 scrolls labelled KYSKAO WIURPHYDGH.
  3811 | D:3      | 3811 ||| READING scroll labelled WAGILI IRAO.
  3812 | D:3      | 3812 ||| READING 6 scrolls of identify.
  3812 | D:3      | 3812 ||| IDENTIFYING sapphire potion
  3813 | D:3      | 3813 ||| READING 5 scrolls of identify.
  3813 | D:3      | 3813 ||| IDENTIFYING fuming pink potion
  3814 | D:3      | 3814 ||| READING 4 scrolls of identify.
  3814 | D:3      | 3814 ||| IDENTIFYING murky amethyst potion
  3815 | D:3      | 3815 ||| READING 3 scrolls of identify.
  3815 | D:3      | 3815 ||| IDENTIFYING lumpy golden potion
  3816 | D:3      | 3816 ||| DROPPING scroll of noise.
  3817 | D:3      | 3817 ||| DROPPING potion of flight.
  3818 | D:3      | 3818 ||| DROPPING scroll of magic mapping.
  3819 | D:3      | 3819 ||| DROPPING potion of invisibility.
  3820 | D:3      | 3820 ||| DROPPING potion of magic.
  3824 | D:3      | Became a worshipper of Warmaster Okawaru
  3864 | D:4      | 3864 ||| Stepping ~*~*~tactically~*~*~ (stealth).
  3866 | D:4      | 3866 ||| Stepping ~*~*~tactically~*~*~ (stealth).
  3892 | D:4      | 3892 ||| Stepping ~*~*~tactically~*~*~ (stealth).
  4383 | D:4      | 4383 ||| Stepping ~*~*~tactically~*~*~ (hiding).
  4400 | D:4      | Reached skill level 1 in Dodging
  4410 | D:4      | 4410 ||| DRINKING 3 potions of curing.
  4410 | D:4      | 4410 ||| (to cure confusion)
  4612 | D:4      | Noticed a black bear
  4622 | D:4      | Killed a black bear
  4623 | D:4      | Reached skill level 6 in Axes
  4623 | D:4      | Reached XP level 7. HP: 28/43 MP: 7/7
  5131 | D:4      | 5131 ||| Stepping ~*~*~tactically~*~*~ (stealth).
  5133 | D:4      | 5133 ||| Stepping ~*~*~tactically~*~*~ (hiding).
  5135 | D:4      | 5135 ||| Stepping ~*~*~tactically~*~*~ (hiding).
  5136 | D:4      | 5136 ||| Stepping ~*~*~tactically~*~*~ (hiding).
  5195 | D:4      | 5195 ||| DROPPING +3 mace of protection.
  5388 | D:4      | 5388 ||| UPGRADING to +4 ring of protection.
  5389 | D:4      | 5389 ||| READING scroll labelled XOT ALESARA.
  5390 | D:4      | 5390 ||| DRINKING 2 orange potions.
  5422 | D:5      | Entered Level 5 of the Dungeon
  5662 | D:5      | 5662 ||| Stepping ~*~*~tactically~*~*~ (stealth).
  5689 | D:5      | Reached skill level 7 in Axes
  5691 | D:5      | 5691 ||| Stepping ~*~*~tactically~*~*~ (stealth).
  5692 | D:5      | 5692 ||| Stepping ~*~*~tactically~*~*~ (stealth).
  5701 | D:5      | Noticed Duvessa
  5702 | D:5      | 5702 ||| Stepping ~*~*~tactically~*~*~ (stealth).
  5703 | D:5      | 5703 ||| Stepping ~*~*~tactically~*~*~ (stealth).
  5705 | D:5      | 5705 ||| Stepping ~*~*~tactically~*~*~ (hiding).
  5709 | D:5      | Noticed Dowan
  5716 | D:5      | Killed Duvessa
  5716 | D:5      | Reached * piety under Okawaru
  5717 | D:5      | 5717 ||| INVOKING Heroism.
  5724 | D:5      | Killed Dowan
  5725 | D:5      | Reached skill level 1 in Invocations
  5728 | D:5      | 5728 ||| FLEEEEING.
  5729 | D:5      | 5729 ||| FLEEEEING.
  5730 | D:5      | 5730 ||| STAIRDANCE
  5939 | D:5      | 5939 ||| INVOKING Heroism.
  5948 | D:5      | Reached XP level 8. HP: 42/49 MP: 5/9
  6126 | D:5      | Found a broken altar of Ashenzari.
  6287 | D:5      | 6287 ||| INVOKING Heroism.
  6401 | D:5      | 6401 ||| Stepping ~*~*~tactically~*~*~ (hiding).
  6421 | D:5      | Reached skill level 3 in Invocations
  6526 | D:5      | Reached ** piety under Okawaru
  6619 | D:5      | 6619 ||| Stepping ~*~*~tactically~*~*~ (stealth).
  6699 | D:5      | 6699 ||| UPGRADING to ring of protection from fire.
  6752 | D:6      | 6752 ||| INVOKING Heroism.
  6754 | D:6      | Reached skill level 8 in Axes
  6895 | D:6      | Found an ornate altar of the Wu Jian Council.
  6898 | D:6      | 6898 ||| Stepping ~*~*~tactically~*~*~ (stealth).
  6903 | D:6      | 6903 ||| Stepping ~*~*~tactically~*~*~ (stealth).
  7071 | D:6      | 7071 ||| INVOKING Heroism.
  7074 | D:6      | Reached skill level 6 in Fighting
  7283 | D:6      | 7283 ||| INVOKING Heroism.
  7286 | D:6      | Reached XP level 9. HP: 16/55 MP: 9/12
  7311 | D:6      | 7311 ||| FLEEEEING.
  7315 | D:6      | 7315 ||| FLEEEEING.
  7316 | D:6      | 7316 ||| FLEEEEING.
  7318 | D:6      | 7318 ||| FLEEEEING.
  7320 | D:6      | 7320 ||| FLEEEEING.
  7321 | D:6      | 7321 ||| FLEEEEING.
  7322 | D:6      | 7322 ||| FLEEEEING.
  7324 | D:6      | 7324 ||| FLEEEEING.
  7325 | D:6      | 7325 ||| FLEEEEING.
  7326 | D:6      | 7326 ||| FLEEEEING.
  7328 | D:6      | 7328 ||| FLEEEEING.
  7329 | D:6      | 7329 ||| FLEEEEING.
  7330 | D:6      | 7330 ||| FLEEEEING.
  7331 | D:6      | 7331 ||| FLEEEEING.
  7332 | D:6      | 7332 ||| FLEEEEING.
  7333 | D:6      | 7333 ||| FLEEEEING.
  7334 | D:6      | 7334 ||| FLEEEEING.
  7335 | D:6      | 7335 ||| FLEEEEING.
  7336 | D:6      | 7336 ||| FLEEEEING.
  7337 | D:6      | 7337 ||| FLEEEEING.
  7338 | D:6      | 7338 ||| FLEEEEING.
  7339 | D:6      | 7339 ||| FLEEEEING.
  7340 | D:6      | 7340 ||| FLEEEEING.
  7341 | D:6      | 7341 ||| FLEEEEING.
  7342 | D:6      | 7342 ||| FLEEEEING.
  7343 | D:6      | 7343 ||| INVOKING Heroism.
  7344 | D:6      | 7344 ||| Stepping ~*~*~tactically~*~*~ (stealth).
  7345 | D:6      | 7345 ||| Stepping ~*~*~tactically~*~*~ (stealth).
  7365 | D:6      | 7365 ||| INVOKING Heroism.
  7530 | D:6      | 7530 ||| INVOKING Heroism.
  7594 | D:6      | Reached skill level 9 in Axes
  8028 | D:6      | 8028 ||| DROPPING +1 hat.
  8029 | D:6      | 8029 ||| READING scroll labelled ICUWIMAF VOQE.
  8053 | D:7      | 8053 ||| PLANNING OSSUARY
  8053 | D:7      | 8053 ||| INVOKING Heroism.
  8054 | D:7      | 8054 ||| STAIRDANCE
  8138 | D:7      | Found a staircase to the Ecumenical Temple.
  8162 | D:7      | Noticed Maggie
  8176 | D:7      | 8176 ||| INVOKING Heroism.
  8183 | D:7      | HP: 8/56 [Maggie/+2 morningstar of flaming (7)]
  8184 | D:7      | 8184 ||| READING 2 scrolls of teleportation.
  8184 | D:7      | Slain by Maggie

Levels and vault maps discovered:
D:1:      wheals_arrival_shading, layout_loops_corners,
          nicolae_ecumenical_snake_handling
D:2:      layout_rooms
D:3:      layout_loops_corners, gammafunk_temple_overflow_elements,
          uniq_sigmund, uniq_robin
D:4:      layout_basic, chequers_serial_rivers_small_b
D:5:      layout_basic, mainiacjoe_overflow_alcove_1, uniq_duvessa
D:6:      layout_loops_ring, amcnicky_altar_gilded, uniq_crazy_yiuf_cottage
D:7:      layout_loops_cross, minmay_temple_entry_drinking_statues,
          nicolae_ossuary_entry_catacombs, uniq_maggie

Skill      XL: |  1  2  3  4  5  6  7  8  9 |
---------------+----------------------------+-----
Axes           | 2 3 4 5 6 7 8 9 |  9.1
Throwing       | 1 |  1.0
Fighting       | 4 5 6 |  6.4
Dodging        | 1 |  1.0
Invocations    | 1 4 |  4.0
Shields        | 4 |  4.3
Armour         | |  3.2

Action                   |  1- 3 |  4- 6 |  7- 9 || total
-------------------------+-------+-------+-------++-------
Melee: War axe           |   102 |   114 |   241 ||   457
Throw: Javelin           |    32 |    14 |     6 ||    52
       Boomerang         |       |       |     3 ||     3
Invok: Heroism           |       |       |    11 ||    11
  Use: Scroll            |     4 |     7 |     3 ||    14
       Potion            |     1 |     1 |     1 ||     3
Armor: Scale mail        |    79 |    64 |   138 ||   281
Dodge: Dodged            |    73 |    45 |   107 ||   225
Block: Buckler           |    34 |    14 |    40 ||    88

Table legend:
 A = Non-vault XP
 B = Vault XP
 C = Vault XP percentage of total XP
 D = Non-vault monster count
 E = Vault monster count
 F = Vault count percentage of total count
                 A         B        C        D         E       F
            +---------+---------+-------+---------+---------+-------
      Total |    2671 |     470 |  15.0 |     125 |      17 |  12.0
            +---------+---------+-------+---------+---------+-------
        D:1 |      25 |       4 |  13.8 |      15 |       3 |  16.7
        D:2 |      34 |       0 |   0.0 |      18 |       0 |   0.0
        D:3 |     116 |     264 |  69.5 |      16 |      12 |  42.9
        D:4 |     431 |       0 |   0.0 |      21 |       0 |   0.0
        D:5 |     815 |     202 |  19.9 |      20 |       2 |   9.1
        D:6 |    1112 |       0 |   0.0 |      31 |       0 |   0.0
        D:7 |     138 |       0 |   0.0 |       4 |       0 |   0.0
            +---------+---------+-------+---------+---------+-------
